 Dungeon Crawl Stone Soup version 0.25-a0-934-g041635d5d1 (webtiles) character file.

Game seed: 4036527618289072882, levelgen mode: deterministic

141 Anathary the Slasher (level 5, -21/44 HPs)
             Began as a Demonspawn Berserker on May 4, 2020.
             Was an Initiate of Ashenzari.
             Demolished by a polar bear (28 damage)
             ... created by the rage of Trog
             ... on level 3 of the Dungeon.
             The game lasted 00:08:25 (3324 turns).

Anathary the Slasher (Demonspawn Berserker)         Turns: 3324, Time: 00:08:26

Health: -21/44     AC:  6    Str: 15 (17) XL:     5   Next: 3%
Magic:  5/5        EV: 12    Int:  9      God:    Ashenzari [......]
Gold:   90         SH:  0    Dex: 13      Spells: 4/4 levels left

rFire    . . .     SeeInvis .   a - +0 falchion
rCold    . . .     Gourm    .   (no shield)
rNeg     . . .     Faith    .   b - +0 animal skin
rPois    .         Spirit   .   h - +0 helmet
rElec    .         Reflect  .   p - -1 cloak (curse)
rCorr    .         Harm     .   d - +0 pair of gloves
MR       .....                  (no boots)
Stlth    +.........             (no amulet)
HPRegen  0.14/turn              (no ring)
MPRegen  0.09/turn              (no ring)

@: no status effects
A: rugged brown scales 2
a: Curse Item, Renounce Religion


You were on level 3 of the Dungeon.
You worshipped Ashenzari.
Ashenzari was noncommittal.
You were not hungry.

You visited 1 branch of the dungeon, and saw 3 of its levels.

You collected 90 gold pieces.

Inventory:

Hand Weapons
 a - a +0 falchion (weapon)
Armour
 b - a +0 animal skin (worn)
 d - a +0 pair of gloves (worn)
 h - a +0 helmet (worn)
 p - a cursed -1 cloak (worn)
Jewellery
 j - a +4 ring of evasion
 o - an uncursed ring of stealth
Scrolls
 e - 3 scrolls of teleportation {unknown}
 f - a scroll of enchant weapon {unknown}
 i - a scroll of remove curse
 k - a scroll of blinking {unknown}
 m - a scroll of enchant armour {unknown}
 n - a scroll of fear {unknown}
 s - 2 scrolls of identify {unknown}
Potions
 g - 2 potions of resistance {unknown}
 l - a potion of degeneration {unknown}
 q - a potion of magic {unknown}
 t - a potion of might {unknown}
 u - a potion of curing {unknown}
Comestibles
 c - 3 rations


   Skills:
 + Level 3.8 Fighting
 * Level 4.7 Long Blades
 - Level 1.7 Armour
 - Level 1.7 Dodging
 + Level 0.1 Stealth


You had 4 spell levels left.
You didn't know any spells.
Your spell library contained the following spells:

 Spells                   Type           Power        Failure   Level  Hunger
 Recall                   Summ/Tloc      N/A          77%         3    ####...
 Aura of Abjuration       Summ           #.........   100%        5    ######.
 Summon Demon             Summ           #.........   100%        5    ######.
 Summon Forest            Summ/Tloc      #.........   100%        5    ######.
 Summon Mana Viper        Hex/Summ       #.......     100%        5    ######.
 Shadow Creatures         Summ           N/A          100%        6    #######


Dungeon Overview and Level Annotations

Branches:
Dungeon (3/15)

Altars:
Ashenzari
Trog


Innate Abilities, Weirdness & Mutations

You are mostly covered in rugged brown scales. (AC +2, +5% HP)


Message History

There are monsters nearby!
There are monsters nearby!
You hit the polar bear but do no damage.
The polar bear bites you! The polar bear claws you.
The polar bear barely misses you. The polar bear closely misses you.
You riposte.
You hit the polar bear but do no damage.
The polar bear claws you. The polar bear barely misses you.
You hit the polar bear.
The polar bear is lightly wounded.
The polar bear closely misses you.
You riposte.
You barely miss the polar bear. The polar bear closely misses you.
The polar bear claws you. The black bear closely misses you.
The black bear claws you but does no damage.
The black bear claws you. The black bear bites you!
* * * LOW HITPOINT WARNING * * *
The black bear closely misses you. The black bear barely misses you.
The polar bear bites you!!
Ouch! That really hurt!
You die...

.########........
#. #.####### .
#.# .. #.## #..#
. ##.# #..###..#
#.....hh#
#..##.h@# #
#!#hh# #.##.# #.
.# #. .. #. .#.
... .. #


You could see 2 polar bears and 3 black bears.

Vanquished Creatures
  2 hound skeletons (D:2)
  3 adders
  2 adder zombies (D:2)
  4 adder skeletons (D:2)
  A worm (D:2)
  A leopard gecko (D:2)
  A bat skeleton (D:2)
  4 bat zombies (D:2)
  11 giant cockroaches
  4 goblins
  3 hobgoblins (D:2)
  4 jackals (D:1)
  3 kobolds
  A quokka (D:2)
  4 bats
  3 frilled lizards
  A jackal skeleton (D:2)
  A jackal zombie (D:2)
  A leopard gecko skeleton (D:2)
  A leopard gecko zombie (D:2)
  11 rats
66 creatures vanquished.

Notes
Turn   | Place    | Note
-------+----------+-------------------------------------------
     0 | D:1      | Anathary the Demonspawn Berserker began the quest for the
                  | Orb.
     0 | D:1      | Reached XP level 1. HP: 18/18 MP: 1/1
   305 | D:1      | Reached skill level 3 in Long Blades
   362 | D:1      | Found a shattered altar of Ashenzari.
   373 | D:1      | Fell from the grace of Trog
   373 | D:1      | Became a worshipper of Ashenzari the Shackled
   401 | D:1      | Gained mutation: You are partially covered in rugged brown
                  | scales. (AC +1, +3% HP) [demonic ancestry]
   401 | D:1      | Reached XP level 2. HP: 17/24 MP: 2/2
  1572 | D:2      | Reached XP level 3. HP: 21/29 MP: 3/3
  1978 | D:2      | Reached skill level 4 in Long Blades
  1998 | D:2      | Reached XP level 4. HP: 30/37 MP: 4/4
  2421 | D:2      | Noticed a moth of wrath
  2424 | D:2      | Found a bloodstained altar of Trog.
  3058 | D:3      | Gained mutation: You are mostly covered in rugged brown
                  | scales. (AC +2, +5% HP) [demonic ancestry]
  3058 | D:3      | Reached XP level 5. HP: 12/44 MP: 5/5
  3322 | D:3      | Noticed a polar bear
  3322 | D:3      | Noticed a black bear
  3322 | D:3      | Noticed a polar bear
  3322 | D:3      | Noticed a black bear
  3322 | D:3      | Noticed a black bear
  3324 | D:3      | Demolished by a polar bear

Levels and vault maps discovered:
D:1:      roderic_crop_circles_arrival_small, layout_loops_corners,
          evilmike_ruin_ashenzari
D:2:      minmay_roachtagon, layout_basic, tgw_trog, first_ration,
          serial_undead, serial_undead_a, serial_undead_b, serial_undead_a,
          serial_undead_d, serial_undead_b, serial_undead_f, serial_undead_a,
          serial_undead_e, serial_undead_e, serial_undead_e,
          minmay_misc_feat_plants
D:3:      wad_crossroads, layout_loops_corners, lemuel_crystal_altar,
          grunt_temple_overflow_open, hangedman_decor_growths, uniq_terence

Skill      XL: |  1  2  3 |
---------------+----------+-----
Long Blades    | 3 4 |  4.7
Fighting       | |  3.8
Armour         | |  1.7
Dodging        | |  1.7
Stealth        | |  0.1

Action                   |  1- 3 |  4- 6 || total
-------------------------+-------+-------++-------
Melee: Falchion          |   110 |   111 ||   221
 Stab: Sleeping          |       |     1 ||     1
  Eat: Ration            |     1 |     1 ||     2
       Chunk             |       |     4 ||     4
Armor: Animal skin       |    39 |    64 ||   103
Dodge: Dodged            |    80 |   115 ||   195
       Rpst.: Falchion   |    21 |    45 ||    66

Table legend:
 A = Non-vault XP
 B = Vault XP
 C = Vault XP percentage of total XP
 D = Non-vault monster count
 E = Vault monster count
 F = Vault count percentage of total count
                 A         B        C        D         E       F
            +---------+---------+-------+---------+---------+-------
      Total |     115 |      87 |  43.1 |      37 |      29 |  43.9
            +---------+---------+-------+---------+---------+-------
        D:1 |      24 |       0 |   0.0 |      15 |       0 |   0.0
        D:2 |      77 |      87 |  53.0 |      21 |      29 |  58.0
        D:3 |      14 |       0 |   0.0 |       1 |       0 |   0.0
            +---------+---------+-------+---------+---------+-------
